 Dungeon Crawl Stone Soup version 0.25-a0-829-g4e6a552925 (webtiles) character file.

Game seed: 10475145023679559360, levelgen mode: classic

11307 EnegeticOcto the Cleaver (level 11, -17/106 HPs)
             Began as a Deep Dwarf Fighter on Apr 21, 2020.
             Was a Priest of Makhleb.
             Demolished by Snorg (20 damage)
             ... on level 10 of the Dungeon.
             The game lasted 00:04:36 (5246 turns).

EnegeticOcto the Cleaver (Deep Dwarf Fighter)       Turns: 5246, Time: 00:04:37

Health: -17/106    AC: 17    Str: 22    XL:     11   Next: 47%
Magic:  9/9        EV:  7    Int: 10    God:    Makhleb [***...]
Gold:   105        SH:  0    Dex: 12    Spells: 10/10 levels left

rFire    + . .     SeeInvis .   z - +5 battleaxe
rCold    + . .     Gourm    .   (shield currently unavailable)
rNeg     . . .     Faith    .   u - +0 plate armour
rPois    .         Spirit   .   l - +0 helmet
rElec    .         Reflect  .   B - scarf {rC+ rF+}
rCorr    .         Harm     .   g - +1 pair of gloves
MR       +....                  (no boots)
Stlth    ..........             (no amulet)
HPRegen  0.00/turn              (no ring)
MPRegen  0.11/turn              (no ring)

@: non-regenerating
A: damage resistance, heal wounds, sense surroundings 2, no regeneration
a: Heal Wounds, Minor Destruction, Lesser Servant of Makhleb, Renounce Religion


You were on level 10 of the Dungeon.
You worshipped Makhleb.
Makhleb was most pleased with you.
You were not hungry.

You visited 2 branches of the dungeon, and saw 11 of its levels.

You collected 393 gold pieces.
You spent 288 gold pieces at shops.

Inventory:

Hand Weapons
 a - a +0 broad axe
 z - a +5 battleaxe (weapon)
Missiles
 v - 3 throwing nets (quivered)
Armour
 c - a +0 kite shield
 g - a +1 pair of gloves (worn)
 l - a +0 helmet (worn)
 r - a +0 cloak
 u - a +0 plate armour (worn)
 B - a scarf of resistance (worn)
Wands
 h - a wand of polymorph (27)
 j - a wand of clouds (4)
Scrolls
 f - a scroll of blinking {@r3}
 o - 4 scrolls of teleportation {@r2}
 q - a scroll of remove curse {@r6}
Potions
 d - 2 potions of degeneration {unknown}
 i - 2 potions of heal wounds {@q2}
 k - 2 potions of might {@q3}
 m - 2 potions of curing {@q1}
 n - a potion of ambrosia
 p - a potion of magic
 s - a potion of cancellation
 t - a potion of flight {unknown}
 w - a potion of stabbing {unknown}
 x - a potion of mutation {unknown}
 A - a potion of resistance {unknown}
Comestibles
 b - 16 chunks of flesh
 e - 18 rations


   Skills:
 * Level 9.5 Fighting
 * Level 10.9 Axes
 + Level 8.3 Armour
 + Level 8.4 Shields
 + Level 8.9 Invocations


You had 10 spell levels left.
You didn't know any spells.
Your spell library was empty.

Dungeon Overview and Level Annotations

Branches:
Dungeon (10/15)            Temple (1/1) D:4            Lair (0/6) D:9
    Orc: D:9-12

Altars:
Gozag
Makhleb
Okawaru
Qazlal
Uskayaw
Vehumet
Wu Jian
Xom
Yredelemnul
Beogh

Shops:
D:10 *

Annotations:
D:10 Snorg


Innate Abilities, Weirdness & Mutations

You are resistant to damage.
You can heal yourself by infusing magical energy.
You passively map the area around you.
You do not regenerate.


Message History

It was a scroll of fear.
Okay, then.
Okay, then.
You start removing your armour.
You continue taking off your +0 cloak. x4
You finish taking off your +0 cloak.
You start putting on your armour.
You continue putting on your runed scarf. x5
You finish putting on your scarf of resistance.
You feel resistant to extremes of temperature.
An orc comes into view. It is wielding a +0 dagger.
The orc shouts!
You hear a shout!
Snorg the Insatiable comes into view.
There are monsters nearby!
There are monsters nearby!
There are monsters nearby!
There are monsters nearby!
Snorg bites you but does no damage. Snorg claws you but does no damage. x2
The orc hits you but does no damage.
You slash Snorg!
Snorg is lightly wounded.
You slash the orc!
You kill the orc!
Makhleb accepts your kill.
You feel better. Snorg bites you. Snorg claws you. Snorg closely misses you.
You slash Snorg!
Snorg is moderately wounded.
Snorg bites you but does no damage. Snorg claws you! Snorg claws you.
Your plate armour prevents you from hitting Snorg.
Snorg is moderately wounded.
Snorg bites you but does no damage. Snorg completely misses you.
Snorg claws you but does no damage.
Your plate armour prevents you from hitting Snorg.
Snorg is moderately wounded.
Snorg bites you. Snorg barely misses you. Snorg claws you but does no damage.
Snorg goes berserk!
You slice Snorg!!
Snorg is heavily wounded.
Snorg bites you. Snorg claws you but does no damage. x2
You hit Snorg.
Snorg is heavily wounded.
Snorg bites you but does no damage. Snorg claws you but does no damage. x2
Snorg barely misses you. Snorg claws you but does no damage.
Snorg barely misses you.
You slice Snorg!!
Snorg is severely wounded.
Snorg bites you!! Snorg claws you but does no damage. Snorg claws you!
Snorg bites you! Snorg closely misses you. Snorg claws you.
You are too injured to fight recklessly!
You are too injured to fight recklessly!
You are too injured to fight recklessly!
You are too injured to fight recklessly!
You are too injured to fight recklessly!
You are too injured to fight recklessly!
You are too injured to fight recklessly!
You are too injured to fight recklessly!
You are too injured to fight recklessly!
You are too injured to fight recklessly!
You are too injured to fight recklessly!
You are too injured to fight recklessly!
You are too injured to fight recklessly!
You are too injured to fight recklessly!
Snorg is nearby!
Your magical essence is drained by the effort!
You feel much better. Snorg bites you!! Snorg claws you. Snorg claws you!
You are too injured to fight recklessly!
You are too injured to fight recklessly!
You are too injured to fight recklessly!
You are too injured to fight recklessly!
You are too injured to fight recklessly!
You are too injured to fight recklessly!
You are too injured to fight recklessly!
You are too injured to fight recklessly!
You are too injured to fight recklessly!
You are too injured to fight recklessly!
You are too injured to fight recklessly!
You are too injured to fight recklessly!
You closely miss Snorg.
Snorg is severely wounded.
Snorg bites you but does no damage. Snorg barely misses you. Snorg claws you!
Snorg bites you!!
* * * LOW HITPOINT WARNING * * *
Snorg claws you. x2
* * * LOW HITPOINT WARNING * * *
You feel much better. Snorg bites you but does no damage. Snorg claws you!
Snorg claws you but does no damage. Snorg bites you.
Snorg claws you but does no damage. Snorg claws you!
Your magical essence is drained by the effort!
You feel much better. Snorg closely misses you.
Snorg claws you but does no damage. x2
You hit Snorg.
Snorg is severely wounded.
Snorg bites you! Snorg claws you! x2
* * * LOW HITPOINT WARNING * * *
Snorg bites you!!
* * * LOW HITPOINT WARNING * * *
Snorg barely misses you. Snorg claws you but does no damage.
You slash Snorg!
Snorg is severely wounded.
Snorg bites you!!
You die...

* , .. .. , * * #.. , ##
##### * *#..# * , .......,
* ,.... ,, . ...## ....
#....., ## , ....
#.#..##...#* ..#
#..T)...#,**,, ,,... #@#,
(# ... ..# #.# #.<#.#....
#.. #.# #....#....###. #.##
.............
###..####.....#.....
##.......#..#....###.
###..............#....<
##............##..##....
##♣#.............##.....##.


You could see Snorg (berserk).

Vanquished Creatures
  A hydra (D:8)
  Harold (D:8)
  4 orc knights (D:9)
  A gargoyle (D:10)
  Prince Ribbit (D:9)
  2 trolls (D:10)
  2 dream sheep (D:8)
  2 hippogriffs
  17 yaks
  2 basilisks (D:9)
  Grum (D:8)
  A steam dragon (D:9)
  2 orc warriors (D:9)
  2 ice beasts (D:9)
  A sky beast (D:10)
  8 ogres
  A necrophage (D:9)
  3 wolves (D:8)
  4 centaurs
  4 big kobolds
  3 bullfrogs
  A wyvern skeleton (D:10)
  A scorpion (D:6)
  3 killer bees (D:9)
  9 wights
  6 howler monkeys
  A centaur zombie (D:8)
  2 bullfrog zombies
  2 crimson imps
  6 hounds
  2 jellies
  2 bullfrog skeletons
  An orc priest (D:9)
  A centaur skeleton (D:8)
  7 orc wizards
  4 worker ants
  A hound zombie (D:4)
  A worker ant zombie (D:10)
  3 adders
  A howler monkey skeleton (D:9)
  A shadow imp (D:7)
  A leopard gecko (D:4)
  20 orcs
  2 ball pythons
  2 giant cockroaches
  4 goblins (D:3)
  A hobgoblin (D:1)
  2 jackals (D:5)
  A ball python zombie (D:5)
  A bat (D:1)
  5 frilled lizards
  7 kobolds
  A leopard gecko skeleton (D:4)
  A rat (D:2)
166 creatures vanquished.

Vanquished Creatures (others)
  A howler monkey (D:6)
1 creature vanquished.

Grand Total: 167 creatures vanquished

Notes
Turn   | Place    | Note
-------+----------+-------------------------------------------
     0 | D:1      | EnegeticOcto the Deep Dwarf Fighter began the quest for the
                  | Orb.
     0 | D:1      | Reached XP level 1. HP: 20/20 MP: 1/1
   154 | D:3      | Reached XP level 2. HP: 25/27 MP: 2/2
   401 | D:4      | Found a staircase to the Ecumenical Temple.
   426 | Temple   | Entered the Ecumenical Temple
   445 | Temple   | Became a worshipper of Makhleb the Destroyer
   521 | D:4      | Reached skill level 3 in Axes
   521 | D:4      | Reached XP level 3. HP: 28/34 MP: 3/3
   656 | D:4      | Reached skill level 1 in Invocations
   656 | D:4      | Reached XP level 4. HP: 30/42 MP: 4/4
   669 | D:4      | Reached XP level 5. HP: 26/49 MP: 4/6
   894 | D:5      | Entered Level 5 of the Dungeon
  1907 | D:6      | Noticed an ogre
  1914 | D:6      | Killed an ogre
  1914 | D:6      | Reached skill level 4 in Axes
  1914 | D:6      | Reached XP level 6. HP: 41/57 MP: 7/7
  2039 | D:6      | Reached XP level 7. HP: 59/66 MP: 8/8
  2104 | D:6      | Reached skill level 5 in Axes
  2176 | D:6      | Reached skill level 5 in Fighting
  2214 | D:6      | Reached skill level 5 in Shields
  2320 | D:6      | Reached * piety under Makhleb
  2320 | D:6      | Reached skill level 5 in Armour
  2501 | D:7      | Reached XP level 8. HP: 40/74 MP: 10/10
  2721 | D:7      | Reached skill level 6 in Axes
  2927 | D:7      | Found an iron altar of Okawaru.
  2927 | D:7      | Found a shimmering altar of Xom.
  2955 | D:7      | Found a hide-covered altar of Uskayaw.
  3168 | D:8      | Noticed a hippogriff
  3180 | D:8      | Killed a hippogriff
  3280 | D:8      | Noticed Harold
  3303 | D:8      | Killed Harold
  3303 | D:8      | Reached skill level 7 in Axes
  3303 | D:8      | Reached skill level 5 in Invocations
  3303 | D:8      | Gained mutation: You passively map the area around you.
                  | [Deep Dwarf growth]
  3303 | D:8      | Reached XP level 9. HP: 59/85 MP: 9/11
  3336 | D:8      | Found an opulent altar of Gozag.
  3464 | D:8      | Reached skill level 8 in Axes
  3522 | D:8      | Noticed a three-headed hydra
  3529 | D:8      | Killed a three-headed hydra
  3529 | D:8      | Reached XP level 10. HP: 83/96 MP: 9/11
  3926 | D:8      | Noticed Grum
  3955 | D:8      | Killed Grum
  3955 | D:8      | Reached skill level 9 in Axes
  4155 | D:9      | Reached ** piety under Makhleb
  4200 | D:9      | Found a staircase to the Lair.
  4203 | D:9      | Noticed Prince Ribbit
  4310 | D:9      | Killed Prince Ribbit
  4366 | D:9      | Found an ornate altar of the Wu Jian Council.
  4417 | D:9      | Reached skill level 10 in Axes
  4479 | D:9      | Found a runed translucent door.
  4491 | D:9      | Noticed an orc knight
  4492 | D:9      | Noticed an orc knight
  4845 | D:9      | Noticed an orc knight
  4845 | D:9      | Noticed an orc knight
  4869 | D:9      | Killed an orc knight
  4869 | D:9      | Reached XP level 11. HP: 75/104 MP: 13/13
  4894 | D:9      | Killed an orc knight
  4894 | D:9      | Reached *** piety under Makhleb
  4898 | D:9      | Killed an orc knight
  4912 | D:9      | Killed an orc knight
  4961 | D:9      | Found a roughly hewn altar of Beogh.
  5080 | D:10     | Entered Level 10 of the Dungeon
  5202 | D:10     | Found Reces's Assorted Antiques.
  5211 | D:10     | Bought a scroll labeled YGAEDAOFESH for 32 gold pieces
  5211 | D:10     | Bought a runed scarf for 256 gold pieces
  5229 | D:10     | Noticed Snorg
  5245 | D:10     | HP: 3/106 [Snorg (17)]
  5246 | D:10     | Demolished by Snorg

Levels and vault maps discovered:
D:1:      dpeg_arrival_subterranean_lakeside_camping, layout_basic,
          serial_forest, infiniplex_forest_lined_4_way,
          infiniplex_forest_clump_cross, infiniplex_forest_end_double,
          infiniplex_forest_lined_2, infiniplex_forest_straight_3,
          infiniplex_forest_lined_2, infiniplex_forest_end_2,
          infiniplex_forest_clump_diagonal, infiniplex_forest_lined_2,
          infiniplex_forest_clump_long
D:2:      layout_basic, lemuel_round_altar, first_ration, uniq_jessica,
          uniq_sigmund
D:3:      layout_basic
D:4:      layout_rooms, minmay_temple_entry_antechambers, minivault_4,
          minmay_cupped
D:5:      layout_basic, chequers_big_river
D:6:      layout_cave_pools, lemuel_flamethrower_2
D:7:      layout_basic, minitemple
D:8:      layout_basic, nicolae_gozag_seed_capital, hangedman_ranch
          [blue_anna_fruit_fields], uniq_harold, uniq_grum
D:9:      layout_small_grid, overflow_temple_1_default, david_lair_generic,
          lightli_church_of_beogh, uniq_prince_ribbit1
D:10:     layout_rooms, serial_shops, nicolae_shop_trees,
          chequers_guarded_unrand_ignorance, uniq_snorg
Temple:   nicolae_temple_elliptical

Skill      XL: |  1  2  3  4  5  6  7  8  9 10 11 |
---------------+----------------------------------+-----
Fighting       | 3 4 5 6 7 8 9 |  9.5
Axes           | 3 4 5 7 8 10 | 10.9
Invocations    | 1 2 3 4 5 6 8 |  8.9
Shields        | 4 5 6 7 8 |  8.4
Armour         | 4 5 6 7 8 |  8.3

Action                   |  1- 3 |  4- 6 |  7- 9 | 10-12 || total
-------------------------+-------+-------+-------+-------++-------
Melee: War axe           |    57 |    92 |   135 |       ||   284
       Broad axe         |       |       |    93 |   147 ||   240
       Battleaxe         |       |       |       |   148 ||   148
 Abil: Heal Wounds       |       |     6 |    13 |    14 ||    33
Evoke: Wand              |       |       |     1 |     1 ||     2
  Use: Scroll            |     3 |     8 |     2 |     5 ||    18
 Stab: Confused          |       |       |       |     2 ||     2
  Eat: Chunk             |       |     4 |     5 |     6 ||    15
Armor: Scale mail        |    27 |    51 |    34 |       ||   112
       Plate armour      |       |       |    83 |   281 ||   364
Dodge: Dodged            |    25 |    38 |    60 |   116 ||   239
Block: Kite shield       |    38 |    43 |   160 |   127 ||   368

Table legend:
 A = Non-vault XP
 B = Vault XP
 C = Vault XP percentage of total XP
 D = Non-vault monster count
 E = Vault monster count
 F = Vault count percentage of total count
                 A         B        C        D         E       F
            +---------+---------+-------+---------+---------+-------
      Total |    9042 |    7112 |  44.0 |     135 |      31 |  18.7
            +---------+---------+-------+---------+---------+-------
        D:1 |       7 |       0 |   0.0 |       6 |       0 |   0.0
        D:2 |       1 |       0 |   0.0 |       1 |       0 |   0.0
        D:3 |      23 |       0 |   0.0 |      10 |       0 |   0.0
        D:4 |     182 |       1 |   0.5 |       9 |       1 |  10.0
        D:5 |      37 |       0 |   0.0 |       4 |       0 |   0.0
        D:6 |    1161 |       0 |   0.0 |      17 |       0 |   0.0
        D:7 |     276 |       0 |   0.0 |       7 |       0 |   0.0
        D:8 |     926 |    3748 |  80.2 |      15 |      13 |  46.4
        D:9 |    3914 |    3363 |  46.2 |      44 |      17 |  27.9
       D:10 |    2515 |       0 |   0.0 |      22 |       0 |   0.0
            +---------+---------+-------+---------+---------+-------
